 Dungeon Crawl Stone Soup version 0.29.1-1-gd02db6906a (webtiles) character file.

Game seed: 12547652239497777736

6547 Godmorgon the Thaumaturge (level 11, -4/78 HPs)
             Began as a Djinni Ice Elementalist on Oct 5, 2022.
             Was a Believer of Makhleb.
             Hit by a boomerang thrown by an orc warrior (15 damage)
             ... on level 9 of the Dungeon.
             The game lasted 01:03:27 (11290 turns).

Godmorgon the Thaumaturge (DjIE)                   Turns: 11290, Time: 01:03:28

Health: -4/78      AC:  6    Str:  7    XL:     11   Next: 20%
Gold:   163        EV: 12    Int: 20    God:    Makhleb [**....] SH:  0 Dex: 15

rFire   + + .      SeeInvis +   a - +4 dagger (flame)
rCold   x . .      Faith    .   (no shield)
rNeg    . . .      Spirit   .   H - +2 robe {Archmagi}
rPois   ∞          Reflect  .   (no helmet)
rElec   .          Harm     .   d - +1 cloak {rPois}
rCorr   .          Rampage  .   (no gloves)
Will    +....      Archmagi +   (boots unavailable)
Stlth   ++........              (no amulet)
HPRegen 0.23/turn               c - ring of wizardry
MPRegen 0.00/turn               D - ring of see invisible

@: flying
A: sickness immunity, fire resistance 2, cold vulnerability 1, float, innate
caster, HP casting, extra vitality 1
a: Renounce Religion, Minor Destruction


You were on level 9 of the Dungeon.
You worshipped Makhleb.
Makhleb was pleased with you.
You visited 2 branches of the dungeon, and saw 10 of its levels.

You collected 448 gold pieces.
You spent 285 gold pieces at shops.

Inventory:

Hand Weapons
 a - a +4 dagger of flaming (weapon)
 b - a +0 sling
 S - a +1 scimitar
Missiles
 g - 11 poisoned darts
 B - a curare-tipped dart (quivered)
 P - 6 atropa-tipped darts
 R - a boomerang of dispersal
Armour
 d - a +1 cloak of poison resistance (worn)
 A - a +0 tower shield
 H - a +2 robe of the Archmagi (worn)
 O - a +2 robe of willpower
Jewellery
 c - a ring of wizardry (left hand)
 D - a ring of see invisible (right hand)
 G - a ring of resist corrosion
Wands
 i - a wand of polymorph (7)
 z - a wand of roots (8)
 F - a wand of charming (9)
Scrolls
 h - a scroll of silence {unknown}
 j - a scroll of blinking
 m - 3 scrolls of enchant weapon
 n - 2 scrolls of brand weapon {unknown}
 o - 3 scrolls of vulnerability
 p - 6 scrolls of teleportation
 t - 2 scrolls of immolation
 v - a scroll of magic mapping {unknown}
 x - a scroll of butterflies {unknown}
 y - a scroll of enchant armour {unknown}
 C - a scroll of noise {unknown}
 L - a scroll of poison
Potions
 e - 6 potions of curing
 f - 3 potions of degeneration {unknown}
 k - a potion of magic {unknown}
 l - 5 potions of heal wounds
 q - 2 potions of brilliance {unknown}
 r - 2 potions of flight {unknown}
 s - 3 potions of cancellation
 u - 4 potions of invisibility
 w - 2 potions of haste {unknown}
 E - 4 potions of attraction {unknown}
 J - 2 potions of might {unknown}
 K - a potion of mutation {unknown}
 M - a potion of berserk rage
 N - a potion of lignification {unknown}


   Skills:
 + Level 6.6 Fighting
 + Level 2.4 Long Blades
 - Level 5.7 Ranged Weapons
 - Level 2.1 Dodging
 - Level 1.5 Stealth
 * Level 7.3 Shields
 * Level 8.0 Spellcasting
 + Level 4.3 Invocations


You couldn't memorise any spells.
You knew the following spells:

 Your Spells              Type           Power      Damage    Failure   Level
a - Ozocubu's Armour      Ice            57%        N/A       1%          3
b - Alistair's Intoxicat  Tmut/Pois      38%        N/A       3%          5
f - Freeze                Ice            100%       1d11      1%          1
h - Hailstorm             Conj/Ice       57%        3d12      1%          4
r - Frozen Ramparts       Ice            100%       1d16      1%          3
s - Slow                  Hex            100%       N/A       1%          1
w - Wereblood             Tmut           57%        N/A       1%          2
A - Animate Armour        Summ/Erth      100%       N/A       1%          4
S - Spider Form           Tmut/Pois      57%        N/A       1%          3
Your spell library was empty.

Dungeon Overview and Level Annotations

Branches:
Dungeon (9/15)             Temple (1/1) D:5             Orc (0/2) D:9
   Lair: D:8-11

Altars:
Ashenzari
Cheibriados
Dithmenos
Elyvilon
Fedhas
Hepliaklqana
Makhleb
Nemelex Xobeh
Qazlal
Ru
Trog
Uskayaw
Wu Jian
Xom
Yredelemnul
Zin
The Shining One

Shops:
D:1 *   D:3 *   D:5 =

Annotations:
D:4 1 runed translucent door, drewk1942's ghost, amateur MiBe
D:7 3 runed translucent doors, GigaChad's ghost, amateur MiFi


Innate Abilities, Weirdness & Mutations

You are immune to sickness and miasma.
You are immune to poison.
Your flesh is very heat resistant. (rF++)
You are vulnerable to cold. (rC-)
You float through the air rather than walking.
You learn spells naturally, not from books.
Your magical power is your life essence.
You have superior vitality. (+4 MHP)


Message History

Confirm with . or Enter, or press ? or * to list all spells.
Aiming: Slow (safe; 1% risk of failure)
Press: ? - help, Shift-Dir - straight line, f - orc warrior
Aim: an orc warrior, wielding a +0 dire flail, wearing a +0 chain mail and quivering boomerangs (severely wounded, chance to affect: 64%)
You feel a surge of power!
The orc warrior seems to slow down.
* * * LOW HITPOINT WARNING * * *
Throw: 6 darts (curare)
Press: ? - help, Q - select action, (/) - cycle Shift-Dir - straight line, f/p - orc warrior
Aim: an orc warrior, wielding a +0 dire flail, wearing a +0 chain mail and quivering boomerangs (severely wounded, slow, 58% to hit)
You throw a curare-tipped dart.
The curare-tipped dart barely misses the orc warrior.
Throw: 5 darts (curare)
Press: ? - help, Q - select action, (/) - cycle Shift-Dir - straight line, f/p - orc warrior
Aim: an orc warrior, wielding a +0 dire flail, wearing a +0 chain mail and quivering boomerangs (severely wounded, slow, 58% to hit)
You throw a curare-tipped dart.
The curare-tipped dart closely misses the orc warrior.
Throw: 4 darts (curare)
Press: ? - help, Q - select action, (/) - cycle Shift-Dir - straight line, f/p - orc warrior
Aim: an orc warrior, wielding a +0 dire flail, wearing a +0 chain mail and quivering boomerangs (severely wounded, slow, 58% to hit)
You throw a curare-tipped dart.
The curare-tipped dart closely misses the orc warrior.
Throw: 3 darts (curare)
Press: ? - help, Q - select action, (/) - cycle Shift-Dir - straight line, f/p - orc warrior
Aim: an orc warrior, wielding a +0 dire flail, wearing a +0 chain mail and quivering boomerangs (severely wounded, slow, 58% to hit)
You throw a curare-tipped dart.
The curare-tipped dart barely misses the orc warrior.
The orc warrior throws a boomerang.
The boomerang hits you.
* * * LOW HITPOINT WARNING * * *
Throw: 2 darts (curare)
Press: ? - help, Q - select action, (/) - cycle Shift-Dir - straight line, f/p - orc warrior
Aim: an orc warrior, wielding a +0 dire flail, wearing a +0 chain mail and quivering boomerangs (severely wounded, slow, 58% to hit)
You throw a curare-tipped dart.
The curare-tipped dart hits the orc warrior.
The orc warrior is poisoned.
The orc warrior convulses.
The orc warrior seems to be slow for longer.
The orc warrior is almost dead.
The orc warrior throws a boomerang.
The boomerang hits you.
* * * LOW HITPOINT WARNING * * *
The orc warrior throws a boomerang.
The boomerang hits you!
You die...

#####..##.#........## .
#.....###.###..###..####..
#####.#######.........#.......
#.............................
#######.................######
..............[...........##..
........................#.....
........................####..
≈≈≈≈≈.≈......@....#...#.# #.
.§§.≈.§...##...######.#.#####.
≈§§.≈.§...##...######.........
.§≈.≈.≈...##.....#......####..
.≈.≈.≈...##.....#.###.......
.≈.≈.≈...###(.....##########
≈S.≈.≈...# #.........# .g8#
.##.....o.#.#


oKg# ...?.........# o.g# You could see an orc warrior (poisoned, slow).

Vanquished Creatures
  Pikel (D:4)
  2 trolls (D:9)
  A vampire (D:9)
  Sigmund (D:3)
  4 yaks (D:8)
  A steam dragon (D:8)
  Menkaure (D:5)
  2 water moccasins
  Duvessa (D:6)
  2 ice beasts
  An orc warrior (D:8)
  A black bear (D:5)
  A sky beast (D:6)
  3 ogres (D:9)
  A centaur (D:6)
  5 kobold brigands (D:9)
  5 phantoms
  A bullfrog (D:6)
  2 necrophages (D:6)
  4 gnoll sergeants (D:9)
  A scorpion (D:7)
  9 wights (D:8)
  Dowan (D:6)
  15 killer bees (D:8)
  8 howler monkeys
  2 jellies (D:6)
  5 hounds
  4 iguanas
  Ijyb (D:3)
  Terence (D:2)
  Natasha (thrice) (D:4)
  An orc wizard (D:8)
  Robin (D:4)
  4 gnolls
  10 adders
  A white imp (D:7)
  A worm (D:2)
  3 dart slugs
  22 orcs
  8 ball pythons
  6 endoplasms
  3 giant cockroaches
  17 goblins
  8 hobgoblins
  10 jackals
  5 quokkas
  5 bats
  7 kobolds
  5 rats
  A spectral goblin (D:2)
208 creatures vanquished.

Vanquished Creatures (others)
  2 withered plants (D:4)
2 creatures vanquished.

Grand Total: 210 creatures vanquished

Notes
Turn   | Place    | Note
-------+----------+-------------------------------------------
     0 | D:1      | Godmorgon the Djinni Ice Elementalist began the quest for
                  | the Orb.
     0 | D:1      | Godmorgon set off with the following spells memorised:
                  | Freeze, Frozen Ramparts, Ozocubu's Armour, Hailstorm.
     0 | D:1      | Reached XP level 1. HP: 15/15 MP: 0/0
   305 | D:1      | Reached XP level 2. HP: 22/22 MP: 0/0
   503 | D:1      | Found Lyompir's Assorted Antiques.
   607 | D:1      | Reached XP level 3. HP: 23/26 MP: 0/0
   607 | D:1      | Learned a level 1 spell: Slow
   626 | D:1      | Reached skill level 1 in Fighting
   669 | D:1      | Reached skill level 1 in Ranged Weapons
  1091 | D:2      | Noticed Terence
  1107 | D:2      | Killed Terence
  1108 | D:2      | Reached XP level 4. HP: 16/32 MP: 0/0
  1577 | D:2      | Found a faded altar of an unknown god.
  2403 | D:3      | Reached XP level 5. HP: 30/37 MP: 0/0
  2403 | D:3      | Learned a level 2 spell: Wereblood
  2669 | D:3      | Noticed Sigmund
  2685 | D:3      | Killed Sigmund
  2686 | D:3      | Reached skill level 4 in Spellcasting
  2686 | D:3      | Reached XP level 6. HP: 12/44 MP: 0/0
  2999 | D:3      | Found Cubrul's General Store.
  3006 | D:3      | Bought a potion of heal wounds for 65 gold pieces
  3111 | D:3      | Found a sacrificial altar of Ru.
  3113 | D:3      | Found a hide-covered altar of Uskayaw.
  3113 | D:3      | Found a shimmering altar of Xom.
  3116 | D:3      | Found an opulent altar of Gozag.
  3116 | D:3      | Found a hide-covered altar of Uskayaw.
  3116 | D:3      | Found a burning altar of Makhleb.
  3212 | D:3      | Noticed Ijyb
  3255 | D:3      | Killed Ijyb
  3801 | D:4      | Noticed Natasha
  3812 | D:4      | Killed Natasha
  3899 | D:4      | Noticed Natasha
  3906 | D:4      | Killed Natasha
  3907 | D:4      | Reached XP level 7. HP: 42/49 MP: 0/0
  3907 | D:4      | Learned a level 3 spell: Spider Form
  3934 | D:4      | Found a runed translucent door.
  3937 | D:4      | Noticed drewk1942's ghost (amateur MiBe)
  4067 | D:4      | Noticed Pikel
  4080 | D:4      | Killed Pikel
  4081 | D:4      | Reached skill level 5 in Spellcasting
  4081 | D:4      | Reached XP level 8. HP: 23/57 MP: 0/0
  4621 | D:4      | Noticed Natasha
  4631 | D:4      | Killed Natasha
  4758 | D:4      | Noticed Robin
  4767 | D:4      | Killed Robin
  4770 | D:4      | Reached skill level 1 in Shields
  5185 | D:5      | Entered Level 5 of the Dungeon
  5549 | D:5      | Found Xuvelemo's Jewellery Emporium.
  5629 | D:5      | Found a staircase to the Ecumenical Temple.
  5639 | Temple   | Entered the Ecumenical Temple
  5899 | Temple   | Became a worshipper of Makhleb the Destroyer
  5986 | D:5      | Reached skill level 5 in Ranged Weapons
  6091 | D:5      | Reached XP level 9. HP: 59/63 MP: 0/0
  6091 | D:5      | Learned a level 4 spell: Animate Armour
  6113 | D:5      | Noticed Menkaure
  6127 | D:5      | Killed Menkaure
  6128 | D:5      | Reached skill level 6 in Spellcasting
  6609 | D:5      | Found a basalt altar of Yredelemnul.
  7015 | D:6      | Reached skill level 5 in Fighting
  7140 | D:6      | Reached skill level 1 in Invocations
  7420 | D:6      | Noticed Duvessa
  7420 | D:6      | Noticed Dowan
  7436 | D:6      | Killed Dowan
  7547 | D:6      | Killed Duvessa
  8687 | D:1      | Bought a murky amethyst potion for 25 gold pieces
  8687 | D:1      | Bought a scroll labelled VAPISO XETRELE for 28 gold pieces
  8687 | D:1      | Bought a glowing yellow potion for 25 gold pieces
  8687 | D:1      | Bought a smoky green potion for 25 gold pieces
  8762 | D:3      | Bought a scroll of poison for 52 gold pieces
  8762 | D:3      | Bought a potion of berserk rage for 65 gold pieces
  9099 | D:7      | Found a runed translucent gate.
  9104 | D:7      | Found a runed translucent gate.
  9105 | D:7      | Found a runed translucent gate.
  9106 | D:7      | Noticed GigaChad's ghost (amateur MiFi)
  9112 | D:7      | Reached skill level 5 in Shields
  9121 | D:7      | Reached XP level 10. HP: 45/70 MP: 0/0
  9136 | D:7      | Reached * piety under Makhleb
  9905 | D:8      | Reached skill level 7 in Spellcasting
 10313 | D:8      | Reached skill level 1 in Long Blades
 10486 | D:8      | Reached ** piety under Makhleb
 11198 | D:9      | Reached XP level 11. HP: 64/77 MP: 0/0
 11198 | D:9      | Learned a level 5 spell: Alistair's Intoxication
 11228 | D:9      | Found a staircase to the Orcish Mines.
 11262 | D:9      | Reached skill level 8 in Spellcasting
 11290 | D:9      | Hit by a boomerang thrown by an orc warrior

Illustrated notes

Levels and vault maps discovered:
D:1:      elethiomel_arrival_maze, layout_basic, serial_shops,
          nicolae_shop_overgrown_old_shop
D:2:      layout_loops_corners, dreamdust_ecumenical_altar_drowned_temple,
          kennysheep_potato, uniq_terence
D:3:      layout_loops_ring, doesnt_xom_only_xom, serial_shops,
          nicolae_square_shop, uniq_ijyb, uniq_sigmund
D:4:      layout_gridville, gammafunk_ghost_grave,
          nicolae_elevator_lobby_asterisk, uniq_pikel, uniq_robin, uniq_natasha
D:5:      layout_cave_pools, kennysheep_mini,
          minmay_temple_entry_statues_fountains, serial_shops, shop,
          uniq_menkaure
D:6:      layout_gridville, uniq_duvessa
D:7:      layout_basic, biasface_ghost_orc_armoury
D:8:      layout_rooms
D:9:      layout_rooms, mainiacjoe_overflow_boulevard,
          grunt_lair_entry_orc_guard_hut,
          kennysheep_orc_monster_closet_entryway, enter_bailey_2, serial_shops,
          nicolae_inconvenience_store, minmay_three_doors
Temple:   bh_familiar_temple

Skill      XL: |  1  2  3  4  5  6  7  8  9 10 11 |
---------------+----------------------------------+-----
Fighting       | 1 2 3 4 5 6 |  6.6
Ranged Weapons | 1 2 3 4 5 |  5.7
Spellcasting   | 4 5 6 7 8 |  8.0
Shields        | 2 5 6 7 |  7.3
Invocations    | 2 3 4 |  4.3
Long Blades    | 1 2 |  2.4
Dodging        | |  2.1
Stealth        | |  1.5

Action                   |  1- 3 |  4- 6 |  7- 9 | 10-12 || total
-------------------------+-------+-------+-------+-------++-------
Melee: Short sword       |       |    19 |       |       ||    19
       Long sword        |       |    28 |    12 |       ||    40
       Dagger            |       |       |   126 |    73 ||   199
       Whip              |       |       |    22 |       ||    22
       Punch             |       |       |     3 |     1 ||     4
       Unarmed           |       |       |    70 |       ||    70
 Fire: Sling             |    54 |    39 |    24 |    13 ||   130
Throw: Dart              |       |       |       |     5 ||     5
 Cast: Freeze            |    18 |     6 |       |       ||    24
       Frozen Ramparts   |     3 |    25 |    42 |    17 ||    87
       Slow              |     3 |     6 |    24 |     7 ||    40
       Ozocubu's Armour  |     1 |     3 |    19 |     5 ||    28
       Hailstorm         |       |       |    11 |    31 ||    42
       Spider Form       |       |       |     6 |       ||     6
       Wereblood         |       |       |       |     5 ||     5
       Animate Armour    |       |       |       |     1 ||     1
  Use: Potion            |       |     1 |     1 |     1 ||     3
       Scroll            |       |       |     8 |     2 ||    10
Armor: Robe              |     7 |    11 |    33 |    21 ||    72
       Skin              |       |       |     6 |       ||     6
Dodge: Dodged            |    15 |    47 |   142 |    52 ||   256
